 Dungeon Crawl Stone Soup version 0.19.0-22-gd96e5fe (webtiles) character file.

3157 Gargo the Magician (level 9, -4/51 HPs)
             Began as a Gargoyle Earth Elementalist on Nov 20, 2016.
             Was an Initiate of Vehumet.
             Slain by an orc warrior
             ... wielding a +0 halberd
              (15 damage)
             ... on level 7 of the Dungeon.
             The game lasted 00:52:50 (9482 turns).

Gargo the Magician (Gargoyle Earth Elementalist)    Turns: 9482, Time: 00:52:53

Health: -4/51      AC:  9    Str: 13    XL:     9   Next: 93%
Magic:  0/20       EV: 17    Int: 18    God:    Vehumet [......]
Gold:   288        SH:  0    Dex: 10    Spells: 3 memorised, 14 levels left

rFire  . . .     SeeInvis .     e - -3 flail (curse)
rCold  . . .     Gourm    +     c - +0 robe
rNeg   + . .     Faith    .     (no shield)
rPois  ∞         Spirit   .     (no helmet)
rElec  +         Reflect  .     (no cloak)
rCorr  .         Harm     .     h - +1 pair of gloves
MR     .....                    (no boots)
Stlth  ++........               F - amulet of the gourmand
                                A - +5 ring of evasion
                                i - ring of flight

@: no status effects
A: negative energy resistance 1, electricity resistance, unbreathing,
petrification resistance, rot immunity, AC +5
a: Renounce Religion, Evoke Flight


You were on level 7 of the Dungeon.
You worshipped Vehumet.
Vehumet was noncommittal.
You were completely stuffed.

You visited 2 branches of the dungeon, and saw 9 of its levels.

You collected 314 gold pieces.
You spent 26 gold pieces at shops.

Inventory:

Hand Weapons
 a - a +1 whip of electrocution
 d - a -1 whip of flaming
 e - a cursed -3 flail (weapon)
 p - a +1 spear of venom
Missiles
 b - 96 stones (quivered)
Armour
 c - a +0 robe (worn)
 h - a +1 pair of gloves (worn)
 r - a +0 large shield
 V - a +2 large shield
Jewellery
 i - a ring of flight (left hand)
 A - a +5 ring of evasion (right hand)
 F - an amulet of the gourmand (around neck)
Wands
 N - a wand of iceblast (8/15)
Scrolls
 f - a scroll of fear
 j - 2 scrolls of blinking
 k - a scroll of teleportation
 n - 2 scrolls of enchant armour
 O - a scroll of magic mapping
Potions
 o - a potion of cancellation {unknown}
 q - a potion of agility {unknown}
 s - 2 potions of might
 u - a potion of haste {unknown}
 w - a potion of resistance {unknown}
 D - a potion of curing {unknown}
 E - a potion of heal wounds
 T - a potion of degeneration {unknown}
Comestibles
 g - 3 bread rations
 l - 5 chunks of flesh
 m - 6 beef jerkies


   Skills:
 + Level 3.2 Fighting
 + Level 2.9 Maces & Flails
 - Level 2.0 Armour
 + Level 2.7 Dodging
 - Level 2.1 Stealth
 + Level 2.1 Shields
 * Level 7.9 Spellcasting
 + Level 6.1 Conjurations
   Level 0.7 Transmutations
 + Level 7.8 Earth Magic
 + Level 2.5 Evocations


You had 14 spell levels left.
You knew the following spells:

 Your Spells              Type           Power        Failure   Level  Hunger
a - Sandblast             Erth           #####.       1%          1    None
b - Lee's Rapid Deconstr  Erth           #####.....   14%         5    #####..
A - Stone Arrow           Conj/Erth      ####..       1%          3    #......


Dungeon Overview and Level Annotations

Branches:
Dungeon (8/15)             Temple (1/1) D:7
   Lair: D:8-11

Altars:
Ashenzari
Cheibriados
Elyvilon
Fedhas
Kikubaaqudgha
Makhleb
Nemelex Xobeh
Qazlal
Ru
Sif Muna
Trog
Vehumet
The Shining One

Shops:
D:6 [}%   D:7 *(


Innate Abilities, Weirdness & Mutations

You are resistant to torment.
Your stone body is resilient. (AC +5)
You are immune to poison.
You resist negative energy. (rN+)
You are resistant to electric shocks. (rElec)
You can survive without breathing.
You are immune to petrification.
You are immune to rotting.


Message History

The orc warrior completely misses you.
The orc warrior hits you with a long sword!
Casting: Stone Arrow
Confirm with . or Enter, or press ? or * to list all spells.
Aiming: Stone Arrow
Press: ? - help, Shift-Dir - straight line, f/p - orc warrior
Aim: an orc warrior, wielding a long sword and wearing a plate armour (severely wounded)
The stone arrow hits the orc warrior.
The orc warrior is almost dead.
The orc warrior misses you. The orc wizard casts a spell at you.
The magic dart hits you!
You hit the orc warrior but do no damage.
The orc warrior is almost dead.
The orc wizard gestures wildly while chanting.
The orc wizard blinks!
The orc warrior hits you with a long sword!
* * * LOW HITPOINT WARNING * * *
The orc warrior hits you from afar with a halberd!
You die...

.#...#...........#
.#...#...........#
.#...#...........# .
.#...#...........# .?
.#...'...........# ...
.#...#...........# ....
.#...#...........# ....##########
.#...#....⌠.⌠...o#o...o#.........
.#...#.....∩....@§oo...#.........
.#...#....⌠.⌠....#o....#.........
.#...#...........# ....#.<.......
.#...#...........# ...#...###...
.#...#=..........# ..#...###...
.#...##..........# .#....#....
.#...##..........# #....#....
.#............##.# #....#....
.#............######## #...###...


You could see 2 orc warriors, an orc wizard and 3 orcs.

Vanquished Creatures
  A hippogriff (D:7)
  The ghost of Fartwhistle the Changer, an amateur DsTm (D:3)
  Sigmund (D:4)
  Menkaure (D:4)
  2 phantoms
  5 orc warriors
  3 ogres
  2 centaurs
  A bullfrog (D:7)
  A gnoll sergeant (D:8)
  A wyvern zombie (D:6)
  A howler monkey (D:3)
  2 crimson imps (D:6)
  2 jellies
  2 hounds
  10 orc wizards
  A quasit (D:7)
  7 orc priests
  2 iguanas
  5 worker ants
  A hound zombie (D:6)
  7 gnolls
  12 adders
  An ooze (D:1)
  An adder zombie (D:6)
  2 worms (D:2)
  2 dart slugs
  3 leopard geckos
  47 orcs
  A ball python (D:1)
  8 bats
  3 giant cockroaches
  6 goblins
  12 hobgoblins
  5 jackals (D:1)
  A quokka (D:7)
  7 frilled lizards
  14 kobolds
  A quokka skeleton (D:4)
  5 rats
190 creatures vanquished.

Notes
Turn   | Place    | Note
-------+----------+-------------------------------------------
     0 | D:1      | Gargo the Gargoyle Earth Elementalist began the quest for the Orb.
     0 | D:1      | Reached XP level 1. HP: 10/10 MP: 3/3
   104 | D:1      | Reached XP level 2. HP: 13/15 MP: 0/5
   506 | D:1      | Reached XP level 3. HP: 14/19 MP: 0/7
   536 | D:1      | Learned a level 3 spell: Stone Arrow
  1414 | D:2      | Reached XP level 4. HP: 24/24 MP: 0/9
  1601 | D:2      | Reached skill level 1 in Conjurations
  2043 | D:3      | Noticed Fartwhistle's ghost (amateur DsTm)
  2408 | D:3      | Noticed a phantom
  2486 | D:2      | HP: 1/24 [phantom (6)]
  2496 | D:2      | Killed a phantom
  2496 | D:2      | Reached skill level 5 in Earth Magic
  2496 | D:2      | Reached XP level 5. HP: 2/28 MP: 0/11
  3144 | D:3      | Reached XP level 6. HP: 32/32 MP: 7/12
  3154 | D:3      | Learned a level 5 spell: Lee's Rapid Deconstruction
  4036 | D:3      | Killed Fartwhistle's ghost
  4036 | D:3      | Reached skill level 5 in Spellcasting
  4036 | D:3      | Reached XP level 7. HP: 15/36 MP: 1/14
  4487 | D:4      | Noticed Sigmund
  4494 | D:4      | Killed Sigmund
  4743 | D:4      | Reached XP level 8. HP: 36/41 MP: 11/17
  4856 | D:5      | Entered Level 5 of the Dungeon
  5163 | D:4      | Noticed Menkaure
  5174 | D:4      | Killed Menkaure
  5654 | D:5      | Reached skill level 5 in Conjurations
  5728 | D:5      | Found a stormy altar of Qazlal.
  6512 | D:6      | Reached skill level 1 in Evocations
  6533 | D:6      | Reached skill level 1 in Maces & Flails
  6533 | D:6      | Reached skill level 1 in Armour
  6583 | D:6      | Reached skill level 1 in Fighting
  6583 | D:6      | Reached XP level 9. HP: 47/47 MP: 9/19
  6584 | D:6      | Found Ruda's Antique Armour Shoppe.
  6893 | D:6      | Found Uzeiler's Gadget Shoppe.
  7020 | D:6      | Found Lezuan's Food Boutique.
  7846 | D:7      | Found a staircase to the Ecumenical Temple.
  7855 | Temple   | Entered the Ecumenical Temple
  7865 | Temple   | Became a worshipper of Vehumet
  8226 | D:7      | Found Huabaobe's Weapon Boutique.
  8282 | D:7      | Reached skill level 1 in Shields
  8911 | D:7      | Found Suan's Assorted Antiques.
  8918 | D:7      | Bought a scroll labeled MALAOT CUSI for 26 gold pieces
  9482 | D:7      | Slain by an orc warrior

Skill      XL: |  1  2  3  4  5  6  7  8  9 |
---------------+----------------------------+-----
Earth Magic    | 4 5 6 7 |  7.8
Spellcasting   | 3 4 5 6 7 |  7.9
Conjurations   | 2 3 4 5 6 |  6.1
Evocations     | 1 2 |  2.5
Maces & Flails | 1 2 |  2.9
Armour         | 1 2 |  2.0
Fighting       | 1 3 |  3.2
Dodging        | 2 |  2.7
Shields        | 2 |  2.1
Stealth        | |  2.1
Transmutations | |  0.7

Action                   |  1- 3 |  4- 6 |  7- 9 || total
-------------------------+-------+-------+-------++-------
Melee: Unarmed           |     9 |       |       ||     9
       Dagger            |    36 |    87 |    29 ||   152
       Short sword       |     5 |       |       ||     5
       Flail             |       |       |    50 ||    50
       Whip              |       |       |    31 ||    31
Throw: Stone             |       |    13 |       ||    13
 Cast: Sandblast         |    77 |   139 |   266 ||   482
       Stone Arrow       |       |     8 |    62 ||    70
  Use: Scroll            |       |     3 |    15 ||    18
       Potion            |       |       |     1 ||     1
 Stab: Sleeping          |     2 |     2 |     1 ||     5
  Eat: Chunk             |     2 |     8 |    29 ||    39
Armor: Robe              |    34 |    52 |    91 ||   177
Dodge: Dodged            |    89 |   123 |   245 ||   457
